AoeStats
← cisi1982

Migration

508195504Analyzed
1v1 RM · 11d ago on Sep 21, 2026· 52m 10s· 2 players
Game mode
Random Map
Map size
132×132
Population
200
Speed
Normal
Resources
Standard
Victory
Conquest
Starting age
Dark Age
Ending age
Imperial Age
RankedLock teamsTeams togetherTeam positionsShared explorationLock speedFull tech treeHidden civsTurbo modeCheats
Victory
Defeat
🇨🇿 Franks · Czechia
870
+14
🇺🇸 Magyars · United States
817
-14
LatentVariable
7:36 Loom
12:49 Feudal Age
15:23 Wheelbarrow
14:47 Double-Bit Axe
15:10 Town Watch
18:59 Fletching
19:15 Padded Archer Armor
19:40 Stone Mining
22:49 Castle Age
21:33 Horse Collar
22:55 Pikeman
24:09 Scale Mail Armor
25:19 Thumb Ring
28:25 Chain Mail Armor
28:47 Bodkin Arrow
32:58 Heated Shot
36:13 Leather Archer Armor
40:27 Ballistics
40:18 Masonry
40:48 Town Patrol
42:26 Bloodlines
48:17 Medium Warships
51:36 Imperial Age
cisi1982
12:17 Feudal Age
11:09 Loom
13:09 Double-Bit Axe
19:57 Castle Age
18:44 Forging
19:46 Scale Barding Armor
30:22 Husbandry
30:21 Fletching
30:32 Padded Archer Armor
31:36 Padded Archer Armor
33:27 Chain Barding Armor
33:27 Bodkin Arrow
40:56 Imperial Age
41:01 Fishing Lines
41:33 Medium Warships
40:48 Demolition Ship
41:39 Medium Warships
42:07 Cavalier
45:52 Conscription
47:47 Paladin
49:40 Leather Archer Armor
50:28 Iron Casting
51:06 Wheelbarrow
50:16 Town Watch
Connection lost

Rejoining the realm…

Still unreachable

The connection could not be restored.

Session expired

The server has moved on; the page needs a fresh start.